Map: Snowbound Colony

Players

Gelato

  • Race: Protoss Protoss
  • Spawn Location: 7:00

Pookabear

  • Race: Protoss Protoss
  • Spawn Location: 6:00

NessaHudgens

  • Race: Terran Terran
  • Spawn Location: 7:00

SubjectXile - Winner!

  • Race: Terran Terran
  • Spawn Location: 1:00

aaronSC - Winner!

  • Race: Zerg Zerg
  • Spawn Location: 1:00

Pain - Winner!

  • Race: Terran Terran
  • Spawn Location: 12:00

VOD

Have the link to the VOD?

Description

Time

  • Played on: March 14, 2018, 1:02 a.m.
  • Length: 9:54
Show
View Real Time Build Order
Export as new Build Order

Gelato Protoss 

Build Orders:  

Get SALT Encoding   

  12  0:01  Probe  
  13  0:13  Probe  
  14  0:19  Pylon  
  14  0:26  Probe  
  15  0:32  Assimilator  
  15  0:41  Gateway  
  15  0:45  Probe (Chrono Boost)  
  17  0:57  Probe (Chrono Boost)  
  17  1:02  Probe (Chrono Boost)  
  18  1:06  Forge  
  18  1:13  Probe (Chrono Boost)  
  19  1:21  Assimilator  
  19  1:23  Probe (Chrono Boost)  
  20  1:28  Probe (Chrono Boost)  
  21  1:35  Cybernetics Core  
  21  1:42  Pylon  
  21  1:47  Pylon  
  21  1:55  Probe  
  22  2:07  Probe  
  22  2:08  Photon Cannon  
  23  2:20  Stargate  
  23  2:28  Pylon  
  23  2:33  Protoss Air Weapons Level 1  
  23  2:42  Photon Cannon  
  23  3:00  Void Ray (Chrono Boost)  
  27  3:32  Zealot  
  27  3:33  Void Ray (Chrono Boost)  
  33  4:00  Zealot  
  33  4:22  Void Ray (Chrono Boost)  
  33  4:56  Void Ray (Chrono Boost)  
  35  5:19  Stargate  
  35  5:31  Probe  
  36  5:41  Nexus, Void Ray (Chrono Boost)  
  40  5:43  Probe  
  41  5:54  Pylon  
  41  5:55  Probe  
  42  6:00  Pylon  
  38  6:07  Probe  
  38  6:19  Probe  
  38  6:21  Void Ray (Chrono Boost)  
  43  6:31  Void Ray (Chrono Boost)  
  47  6:53  Probe (Chrono Boost)  
  48  6:56  Assimilator  
  48  7:04  Probe (Chrono Boost)  
  49  7:09  Probe (Chrono Boost)  
  50  7:19  Probe  
  51  7:31  Probe  
  52  7:43  Probe  
  53  7:49  Void Ray (Chrono Boost)  
  53  7:55  Probe  
  62  7:58  Void Ray (Chrono Boost)  
  62  8:08  Probe  
  51  8:20  Probe  
  52  8:31  Pylon  
  52  8:36  Void Ray (Chrono Boost)  
  52  8:54  Probe  
  53  8:58  Assimilator  
  53  9:06  Probe  
  62  9:18  Probe  
Show
View Real Time Build Order
Export as new Build Order

Pookabear Protoss 

Build Orders:  

Get SALT Encoding   

  12  0:01  Probe (Chrono Boost)  
  13  0:20  Pylon  
  13  0:21  Probe  
  14  0:41  Gateway  
  14  0:44  Probe  
  14  0:49  Assimilator  
  15  0:56  Probe  
  16  1:16  Pylon  
  16  1:18  Probe  
  17  1:29  Cybernetics Core  
  17  1:32  Zealot  
  19  1:50  Gateway  
  19  1:51  Probe  
  20  1:59  Zealot  
  20  2:00  Warp Gate (Chrono Boost)  
  22  2:15  Probe, Twilight Council  
  23  2:27  Probe  
  24  2:34  Pylon  
  24  2:37  Zealot x2  
  28  2:44  Assimilator  
  28  2:50  Charge (Chrono Boost)  
  28  3:15  Nexus  
  28  3:18  Zealot  
  28  3:19  Zealot  
  23  4:14  Pylon  
  23  4:25  Zealot x2  
  23  4:46  Gateway  
  23  4:47  Gateway  
  23  4:52  Zealot x2  
  27  5:36  Pylon  
  27  5:39  Zealot  
  27  5:40  Zealot  
  31  5:47  Zealot x2  
  35  6:01  Nexus  
  35  6:14  Zealot x2  
  29  7:08  Zealot  
  29  7:09  Zealot x3  
  29  7:13  Pylon  
  37  7:16  Probe  
  37  7:17  Pylon  
  37  7:19  Probe  
  39  7:28  Probe  
  39  7:29  Forge  
  40  7:30  Zealot  
  40  7:31  Zealot x2, Probe  
  40  7:32  Forge  
  47  7:40  Probe  
  48  7:52  Probe  
  25  8:15  Zealot x3  
  25  8:16  Zealot  
  33  8:36  Gateway x2  
  33  8:38  Zealot, Gateway x2  
  20  8:57  Zealot  
  20  8:58  Zealot  
Show
View Real Time Build Order
Export as new Build Order

NessaHudgens Terran 

Build Orders:  

Get SALT Encoding   

  12  0:24  Supply Depot  
  12  0:49  Refinery  
  12  1:00  Refinery  
  12  1:20  SCV  
  13  1:30  Barracks  
  13  1:32  SCV  
  14  1:44  SCV  
  15  1:55  Supply Depot  
  15  2:00  SCV  
  16  2:12  SCV  
  17  2:20  Barracks  
  17  2:22  Barracks Tech Lab  
  17  2:24  SCV  
  18  2:38  Supply Depot  
  18  2:43  Marine  
  19  2:51  SCV  
  20  3:00  Supply Depot  
  20  3:01  Marine  
  21  3:15  Command Center  
  21  3:19  Marine  
  22  3:25  Supply Depot  
  22  3:37  Marine  
  23  3:42  Marine  
  24  3:55  Marine  
  20  4:13  Marine x2  
  21  4:31  Marine x2  
  23  4:49  Marine x2  
  25  5:07  Marine x2  
  26  5:24  Marine x2  
  28  5:35  SCV  
  29  5:42  Marine x2  
  29  5:43  Barracks  
  29  5:49  Barracks  
  31  6:00  Marine x2  
  33  6:18  Marine x2  
  34  6:36  Marine x2  
  36  6:40  Marine  
  37  6:53  Marine x2  
  39  6:58  Marine  
  40  7:11  Marine  
  41  7:16  Marine  
  42  7:29  Marine  
  43  7:33  Marine  
  28  7:47  Marine  
  29  7:51  Marine x2  
  29  7:57  Marine  
  32  8:05  Marine  
  33  8:09  Marine x2  
  35  8:19  Marauder  
  37  8:22  Marine  
  38  8:27  Marine x2  
  40  8:40  Marauder, Marine  
  43  8:45  Marine x2  
  23  9:02  Marine  
Show
View Real Time Build Order
Export as new Build Order

SubjectXile Terran - Winner!

Build Orders:  

Get SALT Encoding   

  12  0:06  SCV  
  13  0:19  Supply Depot  
  13  0:20  SCV  
  14  0:38  Supply Depot  
  14  0:46  Barracks  
  14  1:32  Barracks  
  14  1:33  Barracks  
  14  1:36  Barracks  
  14  1:39  Barracks, Marine  
  15  1:57  Marine  
  16  2:15  Marine  
  17  2:23  Marine  
  17  2:24  Marine x2  
  17  2:27  Marine  
  21  2:33  Marine  
  22  2:41  Marine  
  22  2:42  Marine  
  24  2:49  Marine x2  
  24  2:51  Marine  
  27  2:59  Marine x2  
  29  3:06  Marine  
  29  3:07  Marine  
  29  3:09  Supply Depot  
  27  4:02  Marine x5  
  27  4:19  Marine  
  27  4:20  Marine x4  
  25  4:37  Marine x2  
  25  4:38  Marine x3  
  30  4:53  Supply Depot  
  30  4:55  Marine x3  
  30  4:56  Marine x2  
  33  5:13  Marine x2  
  31  5:18  Marine x3  
  31  5:31  Marine x2  
  33  5:36  Marine x3  
  36  5:49  Marine x2  
  38  5:54  Marine x3  
  41  6:06  Marine x2  
  35  6:12  Marine x3  
  38  6:24  Marine x2  
  39  6:29  Marine  
  39  6:30  Marine  
  28  6:41  Marine  
  28  6:42  Marine x2  
  31  6:47  Marine x2  
  28  6:59  Marine  
  28  7:00  Marine x2  
  26  7:05  Marine x2  
  28  7:08  SCV  
  29  7:16  Marine  
  29  7:18  Marine x2  
  32  7:23  Marine x2  
  34  7:38  Marine x3  
  34  7:41  Marine x2  
  39  7:56  Marine x3  
  33  8:11  Marine  
  33  8:12  Marine  
  35  8:14  Marine x3  
  38  8:29  Marine  
  38  8:30  Marine  
  38  8:32  Marine x3  
  43  8:47  Marine x2  
  45  8:49  Marine  
Show
View Real Time Build Order
Export as new Build Order

aaronSC Zerg - Winner!

Build Orders: Pool Only, Zergling Baneling 

Get SALT Encoding   

  12  0:04  Drone  
  13  0:10  Drone  
  14  0:21  Overlord  
  14  0:40  Drone x2  
  16  0:56  Drone x2  
  18  1:01  Extractor  
  17  1:20  Spawning Pool  
  16  1:37  Drone x3  
  19  2:06  Evolution Chamber  
  18  2:12  Queen  
  18  2:14  Overlord  
  18  2:15  Overlord x2  
  20  2:59  Drone  
  20  3:00  Drone x2  
  20  3:04  Extractor  
  22  3:06  Zerg Melee Weapons Level 1  
  22  3:14  Zergling x2  
  23  3:26  Baneling Nest  
  22  3:38  Drone x2  
  24  3:51  Metabolic Boost  
  24  3:55  Zergling x4  
  27  4:17  Zergling x4  
  28  4:28  Zergling x8  
  32  4:52  Zergling x4  
  34  4:55  Baneling x3  
  34  4:56  Baneling x5  
  34  5:00  Zerg Ground Armor Level 1  
  34  5:06  Zergling x6  
  37  5:21  Lair  
  37  5:23  Drone  
  37  5:25  Zergling x2  
  37  5:26  Zergling x4  
  41  5:46  Zergling x2  
  42  6:02  Overlord x2  
  42  6:03  Zergling x4  
  44  6:49  Zergling x10  
  44  6:53  Centrifical Hooks  
  49  7:22  Zergling x6  
  47  7:38  Zergling x2  
  48  7:44  Baneling  
  48  7:52  Baneling  
  48  7:58  Baneling  
  48  8:00  Baneling x9  
  48  8:01  Baneling x4  
  41  8:17  Zergling x2, Drone  
  41  8:18  Zergling x2  
  38  8:48  Zergling x4  
  32  8:56  Zergling x2  
  32  9:01  Baneling x2  
  33  9:17  Zergling x4  
  35  9:26  Zergling x2  
  35  9:33  Zergling x2  
Show
View Real Time Build Order
Export as new Build Order

Pain Terran - Winner!

Build Orders: MMM Bio 

Get SALT Encoding   

  12  0:01  SCV  
  13  0:14  SCV  
  14  0:21  Supply Depot  
  14  0:26  SCV  
  15  0:42  SCV  
  16  0:48  Barracks  
  16  1:03  Supply Depot  
  16  1:04  SCV  
  17  1:16  SCV  
  18  1:28  SCV  
  19  1:36  Refinery  
  19  1:38  Marine  
  20  1:40  SCV  
  21  1:52  SCV  
  22  1:56  Marine  
  23  2:04  SCV  
  23  2:07  Bunker  
  24  2:14  Marine  
  25  2:23  Engineering Bay  
  25  2:28  Barracks  
  25  2:32  Marine  
  26  2:49  Marine  
  27  2:51  Barracks  
  27  2:52  SCV  
  27  2:54  Terran Infantry Weapons Level 1  
  28  3:01  Supply Depot  
  28  3:04  SCV  
  29  3:21  Barracks Reactor  
  29  3:24  Supply Depot  
  29  3:36  Marine  
  29  3:40  Barracks  
  30  3:46  Supply Depot  
  30  3:53  Orbital Command  
  30  3:54  Marine  
  31  3:57  Refinery  
  31  4:12  Marine  
  32  4:21  Barracks Reactor  
  32  4:22  Marine x2  
  34  4:29  Marine  
  34  4:40  Marine x2  
  37  4:58  Marine x2  
  39  5:01  Barracks Tech Lab  
  32  5:16  Marine x4  
  36  5:26  Marine  
  37  5:28  Combat Shields  
  37  5:33  Marine  
  37  5:34  Marine x3  
  37  5:35  Terran Infantry Armor Level 1  
  41  5:44  Marine  
  42  5:51  Marine  
  42  5:52  Marine x3  
  46  6:02  Marine  
  47  6:09  Marine x3  
  47  6:10  Marine  
  51  6:19  Marine  
  52  6:27  Marine x3  
  52  6:29  Marine  
  51  6:37  Marine  
  45  6:45  Marine x3  
  45  6:46  Marine  
  44  6:48  Stimpack  
  44  6:55  Marine  
  45  7:03  Marine x3  
  45  7:04  Marine  
  49  7:11  Marine  
  49  7:13  Marine  
  51  7:20  Marine  
  51  7:21  Marine x2  
  51  7:22  Marine  
  48  7:29  Marine  
  48  7:31  Marine  
  48  7:35  Missile Turret  
  49  7:38  Marine x3  
  49  7:40  Marine  
  53  7:46  Factory  
  53  7:47  Marine  
  53  7:48  Marine  
  55  8:12  Marine  
  55  8:15  Marine  
  55  8:16  Marine  
  55  8:39  Marine x6  
  61  8:49  Missile Turret  
  61  9:07  Marine x3  
  61  9:08  Marine x2  
  66  9:31  SCV  
Tags
 
Add a new tag
Caveats
  • Supply blocks, unpowered buildings, or Contaminate may cause inaccurate times.
  • Supply counts are checked every 10 seconds.